 Dungeon Crawl Stone Soup version 0.28.0-43-g3370ac3207 (webtiles) character file.

Game seed: 18368292396175105132

154 jimonade the Charlatan (level 5, 0/41 HPs)
             Began as a Gnoll Wanderer on Mar 16, 2022.
             Slain by a scorpion (8 damage)
             ... on level 4 of the Dungeon.
             The game lasted 00:12:02 (5014 turns).

jimonade the Charlatan (Gnoll Wanderer)             Turns: 5014, Time: 00:12:03

Health: 0/41       AC: 11    Str: 16    XL:     5   Next: 35%
Magic:  9/9        EV:  4    Int: 10    God:
Gold:   112        SH:  6    Dex: 10    Spells: 9/10 levels left

rFire   + . .      SeeInvis .   x - +0 spear
rCold   + . .      Faith    .   d - +2 buckler
rNeg    . . .      Spirit   .   s - +0 plate armour
rPois   .          Reflect  .   (no helmet)
rElec   .          Harm     .   u - scarf {rC+ rF+}
rCorr   .          Rampage  .   (no gloves)
Will    .....                   (no boots)
Stlth   ..........              j - amulet of magic regeneration
HPRegen 0.13/turn               (no ring)
MPRegen 0.51/turn               (no ring)

@: no status effects
A: fangs 1, strong nose, distributed training
a: no special abilities


You were on level 4 of the Dungeon.
You visited 1 branch of the dungeon, and saw 4 of its levels.

You collected 112 gold pieces.

Inventory:

Hand Weapons
 i - a +0 short sword
 x - a +0 spear (weapon)
Missiles
 e - 39 stones (quivered)
 g - 26 bolts
 v - 6 poisoned darts
Armour
 c - a +0 leather armour
 d - a +2 buckler (worn)
 h - a +0 chain mail
 m - a +0 ring mail
 s - a +0 plate armour (worn)
 u - a scarf of resistance (worn)
Magical Staves
 p - a staff of air
Jewellery
 j - an amulet of magic regeneration (around neck)
Wands
 b - a wand of flame (6)
Scrolls
 f - a scroll of noise {unknown}
 n - a scroll of identify
 w - a scroll of teleportation {unknown}
Potions
 k - 3 potions of mutation
 l - 2 potions of might {unknown}
 q - a potion of heal wounds {unknown}
 r - a potion of flight {unknown}
 t - a potion of haste


   Skills:
 + Level 3.0 Fighting
 + Level 1.4 Short Blades
 + Level 1.4 Long Blades
 + Level 1.4 Axes
 + Level 1.4 Maces & Flails
 + Level 1.4 Polearms
 + Level 1.4 Staves
 + Level 1.4 Slings
 + Level 1.4 Bows
 + Level 1.4 Crossbows
 + Level 3.0 Throwing
 + Level 3.0 Armour
 + Level 1.4 Dodging
 + Level 2.7 Stealth
 + Level 4.8 Shields
 + Level 1.4 Unarmed Combat
 + Level 3.1 Spellcasting
 + Level 1.1 Conjurations
 + Level 1.1 Hexes
 + Level 1.1 Summonings
 + Level 1.1 Necromancy
 + Level 2.4 Translocations
 + Level 1.1 Transmutations
 + Level 1.1 Fire Magic
 + Level 1.1 Ice Magic
 + Level 1.1 Air Magic
 + Level 1.1 Earth Magic
 + Level 1.1 Poison Magic
 + Level 1.6 Invocations
 + Level 4.8 Evocations


You had 9 spell levels left.
You knew the following spells:

 Your Spells              Type           Power      Damage    Failure   Level
a - Apportation           Tloc           12%        N/A       100%        1

Your spell library contained the following spells:

 Spells                   Type           Power      Damage    Failure   Level
 Lesser Beckoning         Tloc           6%         N/A       100%        3


Dungeon Overview and Level Annotations

Branches:
Dungeon (4/15)
 Temple: D:4-7

Altars:

Annotations:
D:3 1 runed translucent door, Crazy Yiuf


Innate Abilities, Weirdness & Mutations

You have very sharp teeth.
Your uncanny sense of smell can sniff out nearby items.
Your experience applies equally to all skills.


Message History

The scorpion stings you but does no damage.
The scorpion barely misses you.
You hit the scorpion. You bite the scorpion.
The scorpion is moderately wounded.
You feel very sick.
The scorpion stings you but does no damage.
You hit the scorpion.
The scorpion is heavily wounded.
You feel very sick.
The scorpion stings you but does no damage.
You hit the scorpion but do no damage.
The scorpion is heavily wounded.
You feel sick. The scorpion stings you.
You hit the scorpion but do no damage.
The scorpion is heavily wounded.
You feel sick. The scorpion stings you.
* * * LOW HITPOINT WARNING * * *
You are lethally poisoned!
The scorpion poisons you! The scorpion stings you.
* * * LOW HITPOINT WARNING * * *
You feel better.
The scorpion stings you but does no damage.
You hit the scorpion but do no damage.
The scorpion is heavily wounded.
You block the scorpion's attack.
You hit the scorpion but do no damage.
The scorpion is heavily wounded.
The scorpion stings you but does no damage.
You hit the scorpion but do no damage.
The scorpion is heavily wounded.
You block the scorpion's attack.
The scorpion stings you but does no damage.
You hit the scorpion.
The scorpion is heavily wounded.
The scorpion stings you.
* * * LOW HITPOINT WARNING * * *
You hit the scorpion but do no damage.
The scorpion is heavily wounded.
The scorpion stings you!
You die...

### ######..# #.......
...... ... ....# ....
##[.# .... #...# .....
##s@# .....##..##
.........# ........##
........###
..........####### ##
#####...........########..
≈ ###...................
≈≈≈###..................


You could see a scorpion.

Vanquished Creatures
  A gnoll (D:2)
  6 adders
  3 worms
  A dart slug (D:1)
  An orc (D:3)
  6 bats
  6 endoplasms
  3 giant cockroaches
  7 goblins
  6 hobgoblins
  5 jackals
  4 kobolds
  5 quokkas
  9 ball pythons
  2 frilled lizards (D:1)
  10 rats
75 creatures vanquished.

Notes
Turn   | Place    | Note
-------+----------+-------------------------------------------
     0 | D:1      | jimonade the Gnoll Wanderer began the quest for the Orb.
     0 | D:1      | jimonade set off with the following items: a +0 club, a
                  | wand of flame (6), a +0 leather armour, a +2 buckler; and
                  | the following spell memorised: Apportation; and the
                  | following spells available to memorise: Lesser Beckoning
     0 | D:1      | Reached XP level 1. HP: 17/17 MP: 4/4
   329 | D:1      | Reached XP level 2. HP: 16/23 MP: 5/5
  1261 | D:1      | Reached XP level 3. HP: 28/28 MP: 7/7
  2288 | D:2      | Reached skill level 1 in Invocations
  2488 | D:2      | Reached skill level 1 in Short Blades
  2488 | D:2      | Reached skill level 1 in Long Blades
  2488 | D:2      | Reached skill level 1 in Axes
  2488 | D:2      | Reached skill level 1 in Maces & Flails
  2488 | D:2      | Reached skill level 1 in Polearms
  2488 | D:2      | Reached skill level 1 in Staves
  2488 | D:2      | Reached skill level 1 in Slings
  2488 | D:2      | Reached skill level 1 in Bows
  2488 | D:2      | Reached skill level 1 in Crossbows
  2488 | D:2      | Reached skill level 1 in Dodging
  2488 | D:2      | Reached skill level 1 in Unarmed Combat
  2733 | D:2      | Reached XP level 4. HP: 31/34 MP: 8/8
  3083 | D:2      | Reached skill level 1 in Conjurations
  3083 | D:2      | Reached skill level 1 in Hexes
  3083 | D:2      | Reached skill level 1 in Summonings
  3083 | D:2      | Reached skill level 1 in Necromancy
  3083 | D:2      | Reached skill level 1 in Transmutations
  3083 | D:2      | Reached skill level 1 in Fire Magic
  3083 | D:2      | Reached skill level 1 in Ice Magic
  3083 | D:2      | Reached skill level 1 in Air Magic
  3083 | D:2      | Reached skill level 1 in Earth Magic
  3083 | D:2      | Reached skill level 1 in Poison Magic
  3662 | D:2      | Reached XP level 5. HP: 21/40 MP: 9/9
  4427 | D:3      | Found a runed translucent door.
  4428 | D:3      | Noticed Crazy Yiuf
  5014 | D:4      | Slain by a scorpion

Illustrated notes

Levels and vault maps discovered:
D:1:      evilmike_arrival_rings, layout_basic
D:2:      layout_rooms, kennysheep_minor_cross, kennysheep_generic_room_5
D:3:      layout_rooms, serial_forest, infiniplex_forest_clump_small,
          infiniplex_forest_lined_ring, infiniplex_forest_pool,
          infiniplex_forest_lined_4_way, infiniplex_forest_lined_room_2,
          infiniplex_forest_corner_2, infiniplex_forest_clump_small,
          infiniplex_forest_clump_long, minmay_cut_off, uniq_crazy_yiuf_cottage
D:4:      cheibrodos_helix_gallery, layout_cave_pods,
          nicolae_ossuary_entry_plus, uniq_grinder

Skill      XL: |  1  2  3  4  5 |
---------------+----------------+-----
Translocations | 2 |  2.4
Invocations    | 1 |  1.6
Short Blades   | 1 |  1.4
Long Blades    | 1 |  1.4
Axes           | 1 |  1.4
Maces & Flails | 1 |  1.4
Polearms       | 1 |  1.4
Staves         | 1 |  1.4
Slings         | 1 |  1.4
Bows           | 1 |  1.4
Crossbows      | 1 |  1.4
Dodging        | 1 |  1.4
Unarmed Combat | 1 |  1.4
Spellcasting   | 3 |  3.1
Conjurations   | 1 |  1.1
Hexes          | 1 |  1.1
Summonings     | 1 |  1.1
Necromancy     | 1 |  1.1
Transmutations | 1 |  1.1
Fire Magic     | 1 |  1.1
Ice Magic      | 1 |  1.1
Air Magic      | 1 |  1.1
Earth Magic    | 1 |  1.1
Poison Magic   | 1 |  1.1
Fighting       | 3 |  3.0
Throwing       | 3 |  3.0
Armour         | 3 |  3.0
Stealth        | |  2.7
Shields        | |  4.8
Evocations     | |  4.8

Action                   |  1- 3 |  4- 6 || total
-------------------------+-------+-------++-------
Melee: Club              |    79 |       ||    79
       Bite              |    17 |    19 ||    36
       Short sword       |   113 |   189 ||   302
       Spear             |       |    14 ||    14
Throw: Stone             |    17 |    11 ||    28
 Cast: Apportation       |     1 |       ||     1
  Use: Scroll            |       |     5 ||     5
       Potion            |       |     1 ||     1
Armor: Leather armour    |    21 |       ||    21
       Chain mail        |    67 |    13 ||    80
       Plate armour      |       |    85 ||    85
Dodge: Dodged            |    67 |    44 ||   111
Block: Buckler           |    74 |    50 ||   124
